Map: Year Zero LE

Players

BratOK (Brat_OK)

  • Race: Terran Terran
  • Spawn Location: 1:00

Starbuck - Winner!

  • Race: Zerg Zerg
  • Spawn Location: 11:00

Event: 2019 WCS Winter Europe

VOD

Have the link to the VOD?

Description

Time

  • Played on: Feb. 2, 2019, 10:29 a.m.
  • Length: 24:02

All games in this series

Show
View Real Time Build Order
Export as new Build Order

BratOK Terran 

Build Orders: Gas First Reaper Expand, Liberator Opening, Mech 

Get SALT Encoding   

  12  0:00  SCV  
  13  0:12  SCV  
  14  0:17  Supply Depot  
  14  0:24  SCV  
  14  0:28  Refinery  
  15  0:39  SCV  
  16  0:45  Barracks  
  16  0:51  SCV  
  17  1:03  SCV  
  18  1:15  SCV  
  19  1:33  Reaper, Orbital Command  
  20  1:45  Command Center  
  20  1:55  Factory  
  20  2:00  SCV  
  21  2:06  Barracks Reactor  
  21  2:12  SCV  
  22  2:17  Supply Depot  
  22  2:18  Refinery  
  22  2:24  SCV  
  23  2:38  SCV  
  23  2:43  Starport  
  24  2:48  Hellion x2  
  28  2:51  SCV  
  29  2:59  Orbital Command  
  28  3:09  Hellion  
  28  3:12  Hellion  
  32  3:16  SCV  
  33  3:22  Viking  
  35  3:28  SCV x2  
  35  3:32  Supply Depot  
  37  3:36  Liberator  
  37  3:38  Hellion  
  37  3:40  Hellion  
  41  3:43  SCV  
  41  3:45  SCV  
  46  3:58  SCV x2  
  46  4:00  Supply Depot  
  48  4:05  Armory  
  48  4:11  Hellion  
  48  4:12  Hellion  
  48  4:14  SCV  
  53  4:24  SCV, Barracks Tech Lab  
  53  4:31  Supply Depot  
  54  4:33  SCV  
  54  4:35  Liberator  
  54  4:36  SCV  
  54  4:37  Hellion x2  
  60  4:47  SCV  
  60  4:48  SCV  
  65  4:54  Supply Depot  
  65  5:00  SCV x2  
  67  5:12  Command Center  
  67  5:16  Hellion x2  
  67  5:17  SCV  
  72  5:24  Liberator  
  72  5:27  SCV  
  69  5:29  Terran Vehicle Weapons Level 1  
  60  5:38  Hellion x2  
  60  5:41  SCV  
  64  5:43  Refinery x2  
  60  5:50  SCV  
  60  5:52  Supply Depot  
  60  5:53  SCV  
  60  5:54  Factory  
  60  5:55  Factory  
  62  5:57  Barracks Tech Lab  
  62  6:02  SCV  
  63  6:05  SCV  
  63  6:06  Hellion x2  
  68  6:15  SCV  
  68  6:18  SCV  
  70  6:21  Barracks Reactor  
  70  6:29  Command Center  
  70  6:30  Hellion x2  
  74  6:33  SCV x2  
  76  6:44  Siege Tank  
  76  6:45  SCV x2  
  81  6:53  Orbital Command  
  81  6:56  Siege Tank  
  81  6:57  SCV  
  81  6:58  SCV  
  81  7:00  Engineering Bay  
  86  7:02  Armory  
  86  7:06  Supply Depot  
  86  7:09  Supply Depot  
  86  7:10  SCV x2, Hellion x2  
  92  7:22  Infernal Pre-Igniter, SCV x2  
  94  7:24  Barracks Reactor  
  94  7:25  Factory  
  94  7:26  SCV  
  94  7:29  Factory, Siege Tank  
  100  7:30  Hellion  
  100  7:31  Hellion  
  100  7:34  SCV  
  100  7:35  SCV  
  104  7:38  SCV  
  104  7:42  Hellion  
  101  7:46  Refinery x2  
  101  7:48  SCV x2  
  101  7:49  SCV  
  101  7:50  SCV  
  108  7:51  Siege Tank  
  108  7:55  Terran Vehicle Weapons Level 2  
  108  8:00  SCV x2  
  108  8:04  Terran Vehicle And Ship Armor Level 1, SCV  
  111  8:13  SCV x2  
  111  8:16  Planetary Fortress  
  113  8:22  Siege Tank  
  113  8:26  SCV x2  
  118  8:28  SCV  
  118  8:29  Hellion x3, Factory Tech Lab  
  118  8:30  Hellion x2  
  118  8:31  Supply Depot x2  
  129  8:37  Supply Depot  
  129  8:38  SCV  
  130  8:46  SCV x2  
  132  8:49  Siege Tank  
  132  8:50  Hellion  
  132  8:51  Hellion  
  132  8:53  Siege Tank  
  132  8:54  Siege Tank  
  137  9:07  Refinery x2, Supply Depot  
  137  9:08  Supply Depot  
  137  9:09  SCV x2  
  139  9:11  Hellion  
  139  9:12  Hellion x2  
  145  9:18  Factory  
  145  9:20  Factory  
  145  9:22  SCV x2  
  145  9:24  Factory  
  150  9:25  SCV x2, Siege Tank  
  155  9:34  SCV, Missile Turret  
  155  9:36  Viking x2  
  157  9:39  SCV x3  
  157  9:40  Factory Tech Lab  
  157  9:42  Supply Depot  
  157  9:44  Siege Tank, Supply Depot  
  157  9:45  Hellion x2  
  167  9:55  Smart Servos  
  167  9:58  Sensor Tower  
  167  10:04  Terran Vehicle And Ship Armor Level 2  
  167  10:06  Factory Tech Lab x2  
  167  10:07  Viking x2  
  167  10:09  Factory Reactor  
  167  10:11  Siege Tank x2  
  167  10:12  Hellion x4  
  185  10:16  Hellion  
  185  10:17  SCV, Supply Depot  
  185  10:19  Supply Depot  
  188  10:34  Hellion  
  188  10:36  SCV x2, Hellion  
  178  10:47  Siege Tank x2  
  178  10:48  Viking, Hellion x5  
  194  10:51  Viking  
  194  11:18  Viking  
  181  11:20  Thor x2  
  181  11:21  Viking  
  177  11:39  Thor x2  
  163  11:48  Viking  
  163  11:51  Viking, Thor  
  163  11:52  Hellion x2  
  163  12:03  Thor x2  
  163  12:04  Hellion x2  
  163  12:06  Command Center  
  163  12:07  Hellion x2  
  177  12:18  Viking  
  177  12:21  Viking, Hellion, Thor  
  189  12:35  Thor  
  195  12:43  Hellion x2  
  199  13:02  Command Center  
  199  13:07  Terran Vehicle Weapons Level 3  
  199  13:08  Terran Vehicle And Ship Armor Level 3  
  191  13:44  Viking  
  190  13:54  Viking  
  190  13:55  Thor x2  
  172  13:56  Hellion x2, Siege Tank x2  
  172  13:57  Hellion  
  172  14:01  Hellion x3  
  172  14:02  Hellion  
  129  14:14  Viking  
  118  14:17  Hellion x2  
  118  14:18  Hellion  
  118  14:23  Hellion x4  
  129  14:28  Hellion  
  129  14:29  Hellion  
  128  14:38  Hellion x4  
  126  14:39  Hellion  
  126  14:44  Hellion x4  
  133  14:46  Viking  
  133  14:50  Hellion x2  
  135  14:59  Hellion x2  
  130  15:00  Hellion  
  130  15:02  Hellion x2  
  121  15:13  Hellion x2  
  100  15:21  Hellion x5  
  100  15:25  Hellion  
  100  15:26  Orbital Command  
  97  15:42  Planetary Fortress  
  97  15:43  SCV x3  
  100  15:51  Hellion  
  100  15:52  Hellion  
  100  15:55  SCV x3  
  101  16:04  SCV  
  101  16:07  SCV  
  101  16:08  SCV  
  103  16:11  Viking x2  
  103  16:13  Hellion x2  
  107  16:27  Hellion x7  
  121  16:34  Hellion x2  
  121  16:35  Hellion  
  126  16:46  Viking x2  
  130  16:48  Hellion x4  
  130  16:50  Sensor Tower  
  137  17:00  Hellion x3  
  137  17:01  Hellion x4  
  139  17:11  Hellion  
  127  17:16  Viking  
  127  17:17  Hellion  
  127  17:18  Hellion x5  
  133  17:32  Hellion  
  133  17:33  Hellion x4  
  143  17:42  Hellion x2  
  145  17:45  Hellion x3  
  145  17:46  Hellion  
  147  17:54  Hellion x3  
  145  18:03  Thor  
  141  18:09  Hellion x2  
  143  18:14  Viking  
  131  18:35  Viking, Thor  
  131  18:36  Hellion  
  135  18:44  Viking  
  137  18:54  Thor x2  
  149  18:58  Hellion  
  149  18:59  Siege Tank x2  
  149  19:00  Hellion  
  157  19:13  Terran Ship Weapons Level 1  
  157  19:24  Siege Tank  
  160  19:25  Hellion x4  
  168  19:31  Siege Tank  
  168  19:32  Siege Tank  
  174  19:45  Hellion  
  173  19:52  Viking x2  
  177  19:59  Barracks, Ghost Academy  
  173  20:00  Barracks  
  170  20:09  SCV x4  
  172  20:22  Viking  
  170  20:38  Viking  
  158  20:52  Viking, Barracks Tech Lab x2  
  158  20:55  Refinery x2  
  158  20:56  SCV x5  
  153  20:57  Refinery x2  
  153  21:01  Command Center  
  153  21:06  Personal Cloaking, Liberator  
  153  21:08  SCV x5  
  158  21:11  Ghost x2  
  158  21:13  Terran Ship Weapons Level 2  
  162  21:20  SCV x2  
  162  21:23  SCV x2  
  169  21:28  SCV  
  170  21:35  SCV x2  
  170  21:36  SCV  
  173  21:40  SCV  
  173  21:42  Ghost x2  
  177  22:05  Missile Turret  
  177  22:11  Ghost  
  179  22:25  Ghost  
  181  22:39  Ghost  
  180  23:06  Planetary Fortress  
  180  23:10  Viking  
  159  23:32  Viking  
Show
View Real Time Build Order
Export as new Build Order

Starbuck Zerg - Winner!

Build Orders: Hatch First, Brood Lord Corruptor 

Get SALT Encoding   

  12  0:00  Drone  
  13  0:12  Overlord  
  13  0:17  Drone  
  14  0:31  Drone x2  
  14  0:35  Drone  
  17  0:52  Hatchery  
  17  0:55  Drone  
  17  0:59  Drone  
  18  1:06  Extractor  
  17  1:14  Spawning Pool  
  17  1:17  Drone  
  17  1:20  Drone  
  18  1:28  Drone  
  19  1:39  Drone  
  20  1:49  Overlord  
  20  2:00  Queen  
  22  2:04  Queen  
  22  2:05  Drone  
  22  2:06  Metabolic Boost  
  25  2:08  Zergling x2  
  25  2:11  Zergling x2  
  27  2:15  Drone  
  27  2:21  Drone  
  29  2:27  Drone  
  30  2:34  Drone  
  31  2:42  Hatchery  
  30  2:45  Queen  
  30  2:50  Overlord  
  32  2:53  Drone  
  32  2:56  Drone  
  34  2:58  Drone  
  34  3:00  Drone  
  36  3:10  Zergling x4  
  36  3:12  Drone x3  
  41  3:15  Overlord  
  41  3:18  Drone  
  43  3:20  Drone  
  43  3:23  Drone  
  43  3:33  Queen  
  45  3:34  Queen  
  48  3:41  Drone  
  48  3:44  Drone  
  48  3:45  Spore Crawler, Drone  
  48  3:47  Drone x2  
  51  3:50  Overlord  
  51  3:56  Queen  
  51  3:57  Overlord  
  54  4:02  Drone  
  54  4:03  Drone  
  54  4:04  Drone x2  
  58  4:10  Drone x3  
  60  4:19  Drone x2  
  60  4:22  Drone x3  
  65  4:28  Zergling x8  
  69  4:33  Lair  
  69  4:34  Overlord  
  69  4:36  Extractor  
  68  4:38  Overlord  
  68  4:43  Overlord x2  
  68  4:44  Spine Crawler  
  67  4:53  Queen  
  67  4:57  Zergling x4  
  71  5:06  Drone  
  71  5:07  Zergling x6, Drone x2  
  73  5:08  Zergling x2  
  71  5:18  Zergling x18  
  69  5:35  Drone x5  
  65  5:36  Drone x5  
  65  5:40  Drone  
  69  5:45  Queen  
  69  5:49  Evolution Chamber, Overseer, Drone x2  
  72  5:51  Evolution Chamber, Drone  
  72  5:54  Drone  
  73  5:58  Extractor  
  73  5:59  Extractor, Hydralisk Den  
  73  6:01  Drone  
  73  6:02  Drone, Baneling Nest  
  71  6:12  Queen  
  71  6:15  Zergling x4  
  71  6:16  Zergling x2  
  71  6:17  Overlord  
  71  6:18  Queen  
  76  6:20  Zergling x2  
  76  6:21  Overlord, Zergling x2  
  80  6:26  Overlord  
  80  6:27  Drone x2  
  80  6:28  Extractor  
  80  6:29  Hydralisk x2  
  80  6:31  Zerg Missile Weapons Level 1  
  86  6:32  Drone  
  86  6:40  Drone  
  86  6:46  Infestation Pit, Extractor  
  85  6:47  Zerg Ground Armor Level 1  
  85  6:51  Drone x3  
  88  6:57  Drone  
  88  6:59  Muscular Augments  
  89  7:06  Hatchery  
  88  7:09  Hydralisk x3  
  92  7:22  Hydralisk x3  
  90  7:25  Overlord  
  90  7:26  Drone  
  95  7:31  Hive, Drone x2  
  97  7:38  Zergling x12  
  100  7:44  Drone x2  
  100  7:48  Overlord  
  100  7:49  Overseer  
  101  7:54  Drone  
  101  7:55  Drone x4  
  101  7:57  Drone  
  107  8:02  Drone  
  107  8:03  Drone x5  
  107  8:04  Drone x3  
  116  8:07  Spire  
  116  8:12  Spore Crawler  
  114  8:13  Hydralisk  
  114  8:14  Hydralisk x2  
  114  8:16  Grooved Spines  
  114  8:19  Drone x2  
  122  8:21  Queen  
  122  8:23  Overlord, Extractor  
  122  8:24  Extractor  
  122  8:31  Pneumatized Carapace  
  122  8:34  Drone  
  122  8:35  Drone x5  
  122  8:39  Hydralisk x2  
  132  8:45  Hydralisk  
  132  8:46  Hydralisk x2  
  138  8:48  Overlord  
  138  8:49  Viper  
  138  8:58  Hatchery  
  138  9:02  Drone x2  
  137  9:08  Viper  
  137  9:09  Viper  
  143  9:11  Overlord x2  
  143  9:12  Overlord x4  
  143  9:27  Zerg Ground Armor Level 2, Zerg Missile Weapons Level 2  
  143  9:30  Greater Spire  
  143  9:31  Corruptor  
  143  9:35  Drone x3  
  148  9:41  Extractor  
  148  9:43  Drone x3  
  148  9:44  Extractor, Drone x3  
  152  9:48  Spine Crawler  
  152  9:49  Spine Crawler x2  
  149  9:54  Hydralisk x2  
  149  9:55  Zergling x2  
  149  9:56  Zergling x2  
  149  9:58  Overseer  
  154  10:03  Corruptor x3  
  160  10:26  Baneling  
  160  10:27  Baneling x6  
  160  10:28  Zergling x22  
  169  10:30  Corruptor x2  
  153  10:43  Hydralisk x6  
  153  10:45  Brood Lord  
  153  10:46  Brood Lord x3  
  153  10:47  Hydralisk x2  
  153  10:48  Zergling x14  
  178  10:54  Hydralisk x2  
  182  11:01  Centrifical Hooks  
  176  11:04  Hydralisk  
  176  11:05  Hydralisk x3, Zergling x2  
  176  11:06  Zergling x4  
  176  11:07  Zergling x2  
  186  11:18  Hydralisk x3  
  164  11:19  Zergling x6  
  164  11:24  Zergling x6  
  171  11:29  Hydralisk  
  171  11:30  Hydralisk x5  
  163  11:40  Zergling x16  
  163  11:53  Drone x2  
  163  11:54  Drone x2  
  167  11:58  Zergling x12  
  168  12:10  Zerg Ground Armor Level 3  
  168  12:11  Zerg Melee Weapons Level 1  
  168  12:12  Adrenal Glands  
  165  12:15  Corruptor  
  165  12:16  Corruptor x3  
  171  12:28  Overlord  
  171  12:33  Viper x3  
  171  12:35  Overlord  
  179  12:48  Brood Lord x2  
  179  12:49  Brood Lord x2  
  187  12:56  Zergling x2  
  185  13:03  Brood Lord  
  186  13:06  Zergling x6  
  189  13:13  Zerg Flyer Weapons Level 1  
  189  13:14  Hatchery, Spire  
  189  13:16  Brood Lord  
  189  13:22  Baneling x8  
  189  13:25  Hydralisk x3  
  189  13:26  Zergling x10  
  185  13:53  Hydralisk x5  
  185  13:54  Hydralisk x3, Zergling x2  
  185  13:55  Zergling x28  
  193  14:02  Hydralisk x2  
  171  14:03  Zergling x6  
  164  14:10  Viper x3  
  164  14:12  Viper  
  168  14:18  Drone x2  
  168  14:24  Pathogen Glands, Drone x2  
  172  14:26  Zerg Flyer Armor Level 1  
  163  14:42  Zergling x16  
  158  15:00  Infestor  
  158  15:01  Infestor x6  
  158  15:03  Queen  
  170  15:09  Hydralisk  
  170  15:10  Hydralisk x5  
  170  15:12  Zergling x2  
  170  15:13  Zergling x12  
  166  15:27  Hydralisk x4  
  166  15:28  Hydralisk x3, Zergling x4  
  154  15:46  Zerg Missile Weapons Level 3, Zerg Melee Weapons Level 2  
  154  15:47  Neural Parasite  
  154  15:51  Hydralisk x2  
  154  15:52  Zergling x14  
  154  15:56  Burrow  
  160  16:07  Drone  
  157  16:16  Corruptor x7  
  169  16:34  Zerg Flyer Weapons Level 2  
  169  16:35  Zerg Flyer Armor Level 2  
  169  16:38  Hatchery  
  168  16:46  Zergling x14  
  173  16:49  Brood Lord  
  173  16:50  Brood Lord  
  173  16:53  Baneling x4  
  173  17:02  Brood Lord x2  
  159  17:17  Brood Lord x3  
  159  17:19  Hydralisk x2  
  159  17:20  Zergling x4  
  150  17:27  Hydralisk x2  
  150  17:33  Hydralisk  
  150  17:34  Hydralisk x3  
  151  17:38  Drone x2  
  151  17:40  Drone x2  
  151  17:43  Drone  
  145  18:04  Hatchery  
  143  18:10  Hydralisk  
  143  18:11  Hydralisk x2  
  148  18:16  Drone x3  
  148  18:17  Zergling x12  
  150  18:24  Drone x7  
  148  18:30  Drone x4  
  148  18:40  Infestor  
  148  18:41  Infestor x4  
  158  18:48  Drone x3  
  158  18:57  Corruptor  
  158  18:58  Corruptor x2  
  164  19:12  Corruptor x2  
  164  19:13  Corruptor  
  170  19:17  Zerg Flyer Weapons Level 3  
  170  19:25  Drone  
  171  19:33  Zergling x10  
  171  19:35  Brood Lord x2  
  180  19:39  Baneling  
  180  19:40  Baneling x2  
  180  19:43  Brood Lord  
  181  19:57  Drone x3  
  184  20:05  Zerg Flyer Armor Level 3, Hatchery  
  183  20:07  Zerg Melee Weapons Level 3  
  178  20:19  Brood Lord x2  
  182  20:22  Extractor x2  
  182  20:25  Zergling x14  
  187  20:33  Drone  
  187  20:34  Drone x5  
  184  20:55  Corruptor x5  
  194  21:10  Drone x3  
  197  21:12  Drone x2  
  199  21:23  Extractor  
  199  21:25  Extractor  
  197  21:30  Drone x2  
  199  21:35  Spine Crawler  
  199  21:38  Spine Crawler x2  
  196  21:41  Brood Lord  
  198  21:47  Baneling x3  
  197  21:54  Zergling x2  
  197  21:55  Zergling x4  
  197  22:38  Corruptor  
  197  22:52  Spore Crawler  
  193  23:12  Corruptor x7  
  185  23:16  Overlord x2  
  185  23:17  Overseer x3  
Tags
 
Add a new tag
Caveats
  • Supply blocks, unpowered buildings, or Contaminate may cause inaccurate times.
  • Supply counts are checked every 10 seconds.